 Seeded DCSS version 0.31-a0-1-g4198be8 (webtiles) character file.

Game seed: 7160573962034295350 (custom seed)

172220 PurpleRed the Unseen (level 17, -38/95 HPs)
             Began as a Vampire Reaver on May 1, 2023.
             Was a High Priest of Sif Muna.
             Killed from afar by a salamander tyrant (41 damage)
             ... with a flame surge
             ... on level 3 of the Snake Pit.
             The game lasted 02:59:14 (34646 turns).

PurpleRed the Unseen (Vampire Reaver)              Turns: 34646, Time: 02:59:14

Health: -38/95     AC: 16    Str: 13    XL:     17   Next: 40%
Magic:  19/42      EV: 20    Int: 23    God:    Sif Muna [*****.]
Gold:   1321       SH:  7    Dex: 15    Spells: 6/40 levels left

rFire   . . .        b - +9 rapier (protect)
rCold   + + .        W - +0 buckler
rNeg    + + +        t - +1 steam dragon scales
rPois   ∞            Y - +2 helmet {SInv}
rElec   .            Q - +0 cloak "Duvasuy" {Will+ Str+2 Int+2}
rCorr   .            Z - +2 pair of gloves {Stlth+}
SInv    +            X - +2 pair of boots
Will    ++...        E - amulet of regeneration
Stlth   +++++++++    e - ring of magical power
HPRegen 0.00/turn    u - +5 ring of evasion
MPRegen 0.28/turn

%: no passive effects
@: weakened, very slightly contaminated, bloodless, inhibited regen, studying
Shields
A: bloodless, fangs 3, see invisible, vampiric 2
a: Bat Form, Revivify, Renounce Religion, Channel Magic, Forget Spell, Divine
Exegesis


You were on level 3 of the Snake Pit.
You worshipped Sif Muna.
Sif Muna was extremely pleased with you.
You visited 6 branches of the dungeon, and saw 27 of its levels.
You also visited: Bailey, Gauntlet and Ice Cave.

You collected 3741 gold pieces.
You spent 2420 gold pieces at shops.

Inventory:

Hand Weapons
 a - a +4 dagger of protection
 b - a +9 rapier of protection (weapon)
 r - the +1 rapier "Zeulos" {heavy, rElec SInv Stlth+}
   (You found it on level 5 of the Lair of Beasts)

   rElec:     It insulates you from electricity.
   SInv:      It lets you see invisible.
   Stlth:     It makes you more stealthy.
 U - the +6 great sword of the Shark {freeze, rF+ Will+ Int+2}
   (You found it on level 4 of the Lair of Beasts)

   Int:       It affects your intelligence (+2).
   rF:        It protects you from fire.
   Will:      It increases your willpower.
Missiles
 h - 11 curare-tipped darts
 y - 2 throwing nets
Armour
 j - a +2 robe of willpower
 o - a +1 robe of fire resistance
 t - +1 steam dragon scales (worn)
 K - +0 acid dragon scales
 Q - the +0 cloak "Duvasuy" (worn) {Will+ Str+2 Int+2}
   (You found it on level 1 of the Lair of Beasts)

   Str:       It affects your strength (+2).
   Int:       It affects your intelligence (+2).
   Will:      It increases your willpower.
 W - a +0 buckler (worn)
 X - a +2 pair of boots (worn)
 Y - a +2 helmet of see invisible (worn)
 Z - a +2 pair of gloves of stealth (worn)
Magical Staves
 B - the staff of cold "Gugab" {rF+ rC+}
   (You found it in a Gauntlet)

   [staff of cold]

   Base accuracy: +5 Base damage: 5 Base attack delay: 1.2 This weapon's minimum
   attack delay (0.6) is reached at skill level 12.
   rF:        It protects you from fire.
   rC:        It protects you from cold.
   It falls into the 'Staves' category.
   It is a one-handed weapon.
Jewellery
 e - a ring of magical power (left hand)
 m - a ring of flight
 q - the amulet of the Four Winds {rN+ Will+++ Clar}
   (You took it off a minotaur in a Gauntlet)

   [amulet of nothing]

   rN:        It protects you from negative energy.
   Clar:      It protects you from confusion, rage, mesmerisation and fear.
   Will:      It greatly increases your willpower.
 u - a +5 ring of evasion (right hand)
 w - a ring of resist corrosion
 E - an amulet of regeneration (around neck)
 O - a ring of wizardry
 R - an amulet of magic regeneration
 V - a ring of willpower
Wands
 A - a wand of flame (14)
 F - a wand of light (19)
 H - a wand of digging (10)
 T - a wand of roots (15)
Scrolls
 f - 2 scrolls of blinking
 g - 12 scrolls of teleportation
 k - 4 scrolls of immolation
 n - 12 scrolls of fog
 v - a scroll of magic mapping
 D - a scroll of torment
 J - a scroll of silence
 L - 3 scrolls of fear
 M - 3 scrolls of summoning
 N - 3 scrolls of enchant armour
Potions
 c - 10 potions of curing
 d - 6 potions of heal wounds
 i - 2 potions of berserk rage
 l - 4 potions of might
 p - 4 potions of cancellation
 s - 4 potions of mutation
 x - 2 potions of magic
 z - 2 potions of invisibility
 C - 2 potions of brilliance
 G - 8 potions of flight
 I - a potion of ambrosia
 P - 4 potions of resistance
 S - 5 potions of haste


   Skills:
 + Level 6.9 Fighting
 - Level 10.0 Short Blades
 - Level 7.0 Dodging
 - Level 17.0 Stealth
 + Level 12.8 Shields
 - Level 12.0 Spellcasting
 - Level 6.0 Conjurations
 - Level 6.0 Hexes
 - Level 9.0 Necromancy
 * Level 14.5 Ice Magic
 - Level 10.0 Air Magic
 - Level 6.0 Earth Magic
 - Level 7.0 Invocations


You had 6 spell levels left.
You knew the following spells:

 Your Spells              Type           Power      Damage    Failure   Level
a - Ozocubu's Refrigerat  Ice            34%        4d15      12%         7
b - Borgnjor's Vile Clut  Necr/Erth      24%        N/A       7%          5
c - Vampiric Draining     Necr           53%        2d9       1%          3
e - Sticky Flame          Conj/Fire      27%        2d5       16%         4
f - Freezing Cloud        Conj/Ice/Air   28%        6-21      2%          5
g - Mephitic Cloud        Conj/Pois/Air  38%        N/A       1%          3
i - Silence               Hex/Air        25%        N/A       5%          5
x - Sublimation of Blood  Necr           53%        N/A       1%          2

Your spell library contained the following spells:

 Spells                   Type           Power      Damage    Failure   Level
 Freeze                   Ice            100%       1d10      0%          1
 Foxfire                  Conj/Fire      100%       2x1d9     1%          1
 Kiss of Death            Conj/Necr      100%       2d13      1%          1
 Magic Dart               Conj           100%       1d8       1%          1
 Necrotise                Necr           100%       1d9       1%          1
 Shock                    Conj/Air       100%       1d9       1%          1
 Slow                     Hex            100%       N/A       1%          1
 Cigotuvi's Dreadful Rot  Necr/Pois/Air  84%        N/A       1%          2
 Poisonous Vapours        Pois/Air       72%        N/A       1%          2
 Searing Ray              Conj           82%        2d7       1%          2
 Static Discharge         Conj/Air       100%       2-7/arc   1%          2
 Confusing Touch          Hex            41%        N/A       1%          3
 Dazzling Flash           Conj/Hex       82%        N/A       1%          3
 Frozen Ramparts          Ice            100%       1d16      1%          3
 Hailstorm                Conj/Ice       57%        3d12      1%          3
 Ozocubu's Armour         Ice            69%        N/A       1%          3
 Swiftness                Air            56%        N/A       1%          3
 Tukima's Dance           Hex            41%        N/A       1%          3
 Vhi's Electric Charge    Tloc/Air       72%        N/A       1%          3
 Airstrike                Air            28%        2d(4-20)  1%          4
 Animate Dead             Necr           53%        N/A       1%          4
 Momentum Strike          Conj/Tloc      54%        3d9       2%          2
 Passwall                 Tmut/Erth      22%        N/A       2%          2
 Ice Form                 Ice/Tmut       47%        N/A       2%          4
 Agony                    Necr           53%        N/A       3%          5
 Inner Flame              Hex/Fire       27%        N/A       4%          3
 Fulminant Prism          Conj/Hex       20%        3d12      4%          4
 Sting                    Tmut/Pois      52%        1d5       5%          1
 Arcjolt                  Conj/Air       25%        1d35      5%          5
 Simulacrum               Ice/Necr       30%        N/A       7%          6
 Scorch                   Fire           26%        2d6       9%          2
 Gell's Gravitas          Tloc           13%        N/A       16%         3
 Ignite Poison            Fire/Tmut/Pois 13%        N/A       16%         3
 Teleport Other           Tloc           13%        N/A       16%         3
 Flame Wave               Conj/Fire      27%        2d9       16%         4
 Petrify                  Tmut/Erth      27%        N/A       16%         4
 Conjure Ball Lightning   Conj/Air       25%        3x3d7     30%         6
 Irradiate                Conj/Tmut      13%        3d16      41%         5
 Yara's Violent Unravell  Hex/Tmut       13%        3d7       41%         5
 Olgreb's Toxic Radiance  Pois           13%        N/A       47%         4
 Iron Shot                Conj/Erth      20%        9d5       56%         6
 Plasma Beam              Fire/Air       18%        2x1d32    71%         6
 Dispersal                Tloc           6%         N/A       100%        6
 Summon Cactus Giant      Summ           6%         N/A       100%        6
 Storm Form               Tmut/Air       18%        N/A       99%         7
 Malign Gateway           Summ/Tloc      6%         N/A       100%        7
 Summon Hydra             Summ           6%         N/A       100%        7
 Discord                  Hex            20%        N/A       100%        8
 Summon Horrible Things   Summ           6%         N/A       100%        8
 Borgnjor's Revivificati  Necr           Unusable   N/A       N/A         8
 Necromutation            Tmut/Necr      Unusable   N/A       N/A         8
 Death's Door             Necr           Unusable   N/A       N/A         9

Dungeon Overview and Level Annotations

Branches:
Dungeon (15/15)            Temple (1/1) D:4            Lair (5/5) D:10
 Shoals (0/4) Lair:2        Snake (3/4) Lair:3        Slime (0/5) Lair:4
    Orc (2/2) D:11            Elf (0/3) Orc:2        Vaults (0/5) D:14
 Depths (1/4) D:15         Bailey (visited)           IceCv (visited)
Gauntlet (visited)

Altars:
Ashenzari
Cheibriados
Dithmenos
Fedhas
Gozag
Hepliaklqana
Kikubaaqudgha
Makhleb
Nemelex Xobeh
Okawaru
Qazlal
Ru
Sif Muna
Trog
Uskayaw
Vehumet
Wu Jian
Xom
Yredelemnul
Jiyva

Shops:
D:4 =   D:5 ?!?[(   D:8 (   D:14 [   Orc:1 :   Orc:2 [:(*   Depths:1 [

Annotations:
D:2 1 runed translucent door, Crazy Yiuf
D:6 2 transporters, Radamante's ghost, novice GnEE


Innate Abilities, Weirdness & Mutations

You do not regenerate when monsters are visible.
You are frail without blood (-20% HP).
You can heal yourself when you bite living creatures.
You are immune to poison.
You have razor-sharp teeth.
You have supernaturally acute eyesight. (SInv)
You are afflicted with vampirism and can become a bat while bloodless.


Message History

The salamander hits you but does no damage.
You puncture the salamander!
The salamander is almost dead.
The zombie hands constrict the salamander!
You kill the salamander!
Sif Muna accepts your kill.
You see here a +0 halberd.
Casting: Borgnjor's Vile Clutch (dangerous; 7% risk of failure)
Confirm with . or Enter, or press ? or * to list all spells.
The spell is quite dangerous to miscast (12% risk of failure)!
Continue anyway?
You miscast Ozocubu's Refrigeration.
You are very lightly contaminated with residual magic.
You are encased in ice.
You resist.
The salamander tyrant gazes fiercely through you!
You feel your attacks grow feeble.
Casting: Ozocubu's Refrigeration (quite dangerous; 12% risk of failure)
Confirm with . or Enter, or press ? or * to list all spells.
The spell is quite dangerous to miscast (12% risk of failure)!
Continue anyway?
You miscast Ozocubu's Refrigeration.
Nothing appears to happen.
The salamander tyrant hits you.
You are engulfed in flames!!
The salamander mystic gestures at the salamander while chanting.
The salamander seems to speed up.
The salamander hits you from afar with a +0 halberd of freezing.
You are engulfed in flames!
Casting: Ozocubu's Refrigeration (quite dangerous; 12% risk of failure)
Confirm with . or Enter, or press ? or * to list all spells.
Aiming: Borgnjor's Vile Clutch (dangerous; 7% risk of failure)
Press: ? - help, Shift-Dir - straight line, f - salamander
Aim: a salamander, wielding a +0 halberd of freezing and quivering stones (black smoke, lava, fast, 100% to hit)
Zombie hands grab the salamander tyrant.
The salamander is unaffected.
The zombie hands constrict the salamander tyrant!
The salamander misses you.
The salamander tyrant calls gouts of flame from the lava!
The flame surge hits you!!!
* * * LOW HITPOINT WARNING * * *
The zombie hands constrict the salamander tyrant!
The salamander tyrant calls gouts of flame from the lava!
The flame surge hits you!!!
You die...

##.#.###..#§§§#.)##
#..†~~~~~~≈≈
##..)##≈).§≈≈§§..≈#
#....~~P~≈≈≈
.#)#.###..#≈§§#..##
#...~~~~~~≈≈
...#)##≈...#§#§..≈#
#...~~~~~≈≈≈
...#.###.....§.§§##
#..PP~~~~~≈≈
#..#)##§..#≈#≈#.§§#
##..~~~~~~~~~
##.#.###§#≈###≈#)##
#...~~~P~P~~♣
#.#.##§§≈## ##≈.§#
#....#####♣♣♣
#.#.###.## ##@##
#.#........
#.#.##≈.≈# #≈.≈#
#...#######
#.#.###)## ##N##
###.#
#.#.##≈.≈##.##NN≈#
#.#
#.#.###..§≈.≈≈§§##
#.#
##...##≈≈.§.§...≈≈
#.#
#.)..###≈≈.....≈≈#
#.#
†.†...###≈≈N≈≈§§##
#.# #####.#
###§≈§### #.#


You could see a salamander tyrant (clutched), a salamander mystic and a
salamander (fast).

Vanquished Creatures
  Saint Roka (Snake:2)
  Vashnia (Snake:2)
  Mlioglotl (Snake:2)
  Kirke (D:14)
  An orc warlord (Orc:2)
  An ironbound preserver (D:14)
  A stone giant (D:15)
  Azrael (Snake:2)
  A minotaur (Gauntlet)
  2 vault guards (Bailey)
  5 centaur warriors
  5 hydras
  A catoblepas (D:10)
  13 anacondas
  A merfolk avatar (Lair:5)
  4 boulder beetles
  3 two-headed ogres
  3 death yaks (Lair:4)
  8 naga warriors
  2 tengu warriors (D:15)
  4 shock serpents (Snake:2)
  12 naga sharpshooters
  5 orc high priests (Orc:2)
  5 salamander mystics
  3 sixfirhies (Gauntlet)
  Lodul (D:11)
  4 skysharks (Lair:5)
  5 skeletal warriors (D:14)
  A lindwurm (Lair:3)
  3 sea snakes (Snake:3)
  3 orc knights
  6 naga ritualists
  2 wizards (D:14)
  A harpy (Lair:5)
  12 mana vipers
  5 orc sorcerers
  4 manticores
  A wolf spider (shapeshifter) (D:14)
  10 ugly things
  4 cyclopes
  26 salamanders
  23 elephants
  A merfolk siren (Lair:2)
  A guardian serpent (Snake:3)
  20 naga magi
  2 gargoyles
  36 black mambas
  2 torpor snails
  6 cane toads
  Maggie (D:8)
  An unseen horror (D:12)
  8 rime drakes
  Psyche (D:9)
  11 komodo dragons
  5 ice devils (IceCv)
  2 tengu conjurers
  3 freezing wraiths
  A hornet (Lair:5)
  A wind drake (Lair:5)
  4 polar bears
  Grinder (D:4)
  5 trolls
  Prince Ribbit (Bailey)
  37 blink frogs
  7 dream sheep (Lair:5)
  14 slime creatures
  Sigmund (D:4)
  A shadow (D:12)
  A dire elephant simulacrum (IceCv)
  6 wyverns
  A water elemental (D:11)
  44 yaks
  4 wraiths
  A vampire (D:12)
  2 vampire mosquitoes (D:11)
  6 basilisks
  5 fire elementals (Snake:2)
  5 steam dragons
  A large abomination (Gauntlet)
  5 humans (Bailey)
  4 hogs (D:14)
  A death yak simulacrum (IceCv)
  2 harpy simulacra (IceCv)
  37 nagas
  3 wargs
  14 water moccasins
  An acid dragon (D:9)
  3 hell hounds (Snake:2)
  35 orc warriors
  4 ice beasts
  4 black bears
  3 sky beasts
  A boggart (Gauntlet)
  9 wolves
  18 ogres
  A phantom (D:7)
  3 centaurs
  2 kobold brigands
  20 bullfrogs
  2 two-headed ogre simulacra (IceCv)
  2 gnoll sergeants
  A scorpion (D:4)
  2 cane toad simulacra (IceCv)
  15 wights
  A hornet simulacrum (D:8)
  4 small abominations (Gauntlet)
  15 killer bees
  2 elephant simulacra (IceCv)
  6 howler monkeys
  8 electric eels
  4 hounds
  15 orc priests
  A wyvern simulacrum (D:8)
  Jessica (D:3)
  Terence (D:2)
  2 iguanas (D:5)
  A sleepcap (D:8)
  20 orc wizards
  3 polar bear simulacra (IceCv)
  2 wolf simulacra (IceCv)
  A troll simulacrum (IceCv)
  12 gnolls
  4 adders
  A naga simulacrum (IceCv)
  A shadow imp (D:8)
  A white imp (D:6)
  3 ufetubi
  A worm (D:15)
  A dart slug (D:1)
  74 orcs
  7 ball pythons
  8 endoplasms
  12 goblins
  6 hobgoblins
  8 jackals
  4 quokkas
  6 bats
  5 frilled lizards
  15 kobolds
  4 rats
897 creatures vanquished.

Vanquished Creatures (collateral kills)
  A gnoll (D:6)
1 creature vanquished.

Vanquished Creatures (others)
  A wizard (D:14)
  A human (D:14)
  A bush (Lair:4)
  60 fungi
  107 plants
170 creatures vanquished.

Grand Total: 1068 creatures vanquished

Notes
Turn   | Place    | Note
-------+----------+-------------------------------------------
     0 | D:1      | PurpleRed the Vampire Reaver began the quest for the Orb.
     0 | D:1      | Reached XP level 1. HP: 16/16 MP: 3/3
   118 | D:1      | Reached skill level 1 in Stealth
   291 | D:1      | Reached XP level 2. HP: 12/17 MP: 5/5
   302 | D:1      | Learned a level 2 spell: Momentum Strike
   437 | D:1      | Reached skill level 2 in Stealth
   664 | D:1      | Reached skill level 3 in Stealth
   908 | D:1      | Gained mutation: You are afflicted with vampirism and can
                  | become a bat while bloodless. [Vampire growth]
   908 | D:1      | Reached XP level 3. HP: 21/21 MP: 6/6
  1305 | D:2      | Noticed Terence
  1375 | D:2      | Killed Terence
  1378 | D:2      | Reached skill level 4 in Stealth
  1447 | D:2      | Found a runed translucent door.
  1448 | D:2      | Noticed Crazy Yiuf
  1922 | D:3      | Noticed Jessica
  1929 | D:3      | Killed Jessica
  1930 | D:3      | Reached XP level 4. HP: 27/27 MP: 7/7
  2087 | D:3      | Reached skill level 1 in Necromancy
  2175 | D:3      | Reached XP level 5. HP: 27/31 MP: 8/8
  2181 | D:3      | Found a shimmering altar of Xom.
  2691 | D:4      | Reached skill level 5 in Stealth
  2947 | D:4      | Noticed Grinder
  3015 | D:4      | Paralysed by Grinder for 5 turns
  3037 | D:4      | Paralysed by Grinder for 5 turns
  3046 | D:4      | Killed Grinder
  3047 | D:4      | Reached skill level 6 in Stealth
  3047 | D:4      | Reached XP level 6. HP: 20/37 MP: 10/10
  3173 | D:4      | Noticed Sigmund
  3356 | D:4      | Reached skill level 7 in Stealth
  3367 | D:4      | Learned a level 3 spell: Vampiric Draining
  3396 | D:4      | Reached XP level 7. HP: 40/41 MP: 11/11
  3473 | D:4      | Killed Sigmund
  3474 | D:4      | Reached skill level 5 in Short Blades
  3525 | D:4      | Reached skill level 8 in Stealth
  3780 | D:4      | Found Faucran's Jewellery Shop.
  3790 | D:4      | Found a staircase to the Ecumenical Temple.
  3927 | D:5      | Entered Level 5 of the Dungeon
  3927 | D:5      | Found Bitzum's Magic Scroll Shoppe.
  3999 | D:5      | Bought a scroll of identify for 22 gold pieces
  4062 | D:5      | Found Okoicigu's Magic Scroll Shop.
  4071 | D:5      | Reached skill level 9 in Stealth
  4125 | D:5      | Found Qoheparch's Distillery.
  4128 | D:5      | Bought a potion of curing for 36 gold pieces
  4135 | D:5      | Found Nuecur's Antique Weapon Shop.
  4170 | Temple   | Entered the Ecumenical Temple
  4287 | Temple   | Became a worshipper of Sif Muna the Loreminder
  4368 | D:5      | Reached XP level 8. HP: 46/46 MP: 13/13
  4554 | D:5      | Found Dupobaf's Antique Armour Boutique.
  4927 | D:5      | Reached skill level 10 in Stealth
  5125 | D:6      | Reached skill level 11 in Stealth
  5177 | D:6      | Found a transporter.
  5220 | D:6      | Reached skill level 5 in Necromancy
  5232 | D:6      | Reached * piety under Sif Muna
  5248 | D:6      | Reached skill level 12 in Stealth
  5248 | D:6      | Reached skill level 5 in Spellcasting
  5248 | D:6      | Reached XP level 9. HP: 45/50 MP: 12/16
  5579 | D:6      | Found a transporter.
  5870 | D:6      | Identified the +9 spear of Moral Flaws {freeze, +Blink
                  | rPois Int-2 Dex+2}
  6025 | D:6      | Noticed Radamante's ghost (novice GnEE)
  6300 | D:7      | Learned a level 5 spell: Agony
  6394 | D:7      | Reached skill level 13 in Stealth
  6494 | D:7      | Found a flagged portal.
  6528 | D:7      | Reached skill level 14 in Stealth
  6534 | Bailey   | Entered a bailey
  6727 | Bailey   | Reached ** piety under Sif Muna
  6777 | Bailey   | Reached XP level 10. HP: 55/56 MP: 17/17
  6789 | Bailey   | Reached skill level 15 in Stealth
  6820 | Bailey   | Noticed Prince Ribbit
  6949 | Bailey   | Killed Prince Ribbit
  7080 | Bailey   | Noticed a vault guard
  7087 | Bailey   | Killed a vault guard
  7116 | Bailey   | Noticed a vault guard
  7157 | Bailey   | Killed a vault guard
  7158 | Bailey   | Reached skill level 5 in Dodging
  8254 | D:8      | Identified the +3 falchion of the Fortifying Traitor
                  | {venom, *Rage rElec Int-3 Dex+7}
  8286 | D:8      | Reached *** piety under Sif Muna
  8559 | D:8      | Reached XP level 11. HP: 40/61 MP: 18/19
  9113 | D:8      | You fall into a shaft and drop 1 floor!
  9156 | D:8      | Noticed a two-headed ogre
  9356 | D:8      | Killed a two-headed ogre
  9357 | D:8      | Reached skill level 5 in Fighting
  9549 | D:8      | Found Haofoax's Antique Weapon Shoppe.
  9549 | D:8      | Noticed Maggie
  9556 | D:8      | Killed Maggie
  9559 | D:8      | Reached **** piety under Sif Muna
 10060 | D:5      | Bought a runed helmet for 195 gold pieces
 10060 | D:5      | Bought a pair of runed gloves for 195 gold pieces
 10215 | D:9      | Noticed Psyche
 10318 | D:9      | Killed Psyche
 10862 | D:9      | Found a shadowy altar of Dithmenos.
 10863 | D:9      | Found a blossoming altar of Fedhas.
 10864 | D:9      | Found an opulent altar of Gozag.
 11452 | D:10     | Entered Level 10 of the Dungeon
 11452 | D:10     | Noticed a catoblepas
 11458 | D:10     | Killed a catoblepas
 11739 | D:10     | Reached ***** piety under Sif Muna
 11768 | D:10     | Found a staircase to the Lair.
 11807 | D:11     | Reached skill level 10 in Spellcasting
 11909 | D:10     | Identified a scroll of acquirement
 11922 | D:10     | Acquired 971 gold pieces
 12423 | D:11     | Reached skill level 1 in Hexes
 12430 | D:11     | Received a gift from Sif Muna
 12431 | D:11     | Got Sif Muna's Guidebook on Kinetic Energy {god gift}
 12485 | D:11     | Reached XP level 12. HP: 59/68 MP: 25/26
 12654 | D:11     | Noticed Lodul
 12699 | Lair:1   | Entered Level 1 of the Lair of Beasts
 13108 | Lair:1   | Got the Tome of Familiar Ozone
 13362 | Lair:1   | Identified the +0 cloak "Duvasuy" {Will+ Str+2 Int+2}
 14101 | Lair:2   | Found a frozen archway.
 14153 | IceCv    | Entered an ice cave
 14372 | IceCv    | Learned a level 4 spell: Sticky Flame
 14463 | IceCv    | Reached skill level 5 in Hexes
 14674 | IceCv    | Reached skill level 5 in Conjurations
 14710 | IceCv    | HP: 1/70 [freezing wraith (7)]
 14863 | IceCv    | Learned a level 4 spell: Flame Wave
 14867 | IceCv    | Learned a level 3 spell: Mephitic Cloud
 14879 | IceCv    | Received a gift from Sif Muna
 14880 | IceCv    | Got Sif Muna's Tractate on Underground Blasting {god gift}
 14888 | IceCv    | Learned a level 5 spell: Borgnjor's Vile Clutch
 14979 | IceCv    | Found an ancient bone altar of Kikubaaqudgha.
 15007 | IceCv    | Reached skill level 1 in Earth Magic
 15010 | IceCv    | Reached skill level 1 in Invocations
 15318 | Lair:2   | Found a staircase to the Shoals.
 15692 | Lair:3   | Noticed an eight-headed hydra
 16198 | Lair:3   | Reached XP level 13. HP: 55/74 MP: 26/27
 17014 | Lair:3   | Found a staircase to the Snake Pit.
 17036 | Lair:3   | Reached skill level 5 in Earth Magic
 17664 | Lair:4   | Reached skill level 5 in Invocations
 17991 | Lair:4   | Reached skill level 1 in Air Magic
 18016 | Lair:4   | Found a viscous altar of Jiyva.
 18043 | Lair:4   | Found a staircase to the Slime Pits.
 18332 | Lair:4   | Reached skill level 5 in Air Magic
 18355 | Lair:4   | Received a gift from Sif Muna
 18356 | Lair:4   | Got Sif Muna's Octavo of Decaying Doom {god gift}
 18755 | Lair:4   | Identified the +6 great sword of the Shark {freeze, rF+
                  | Will+ Int+2}
 19323 | D:5      | Bought a glowing rapier for 224 gold pieces
 19360 | D:5      | Bought a scroll of enchant weapon for 82 gold pieces
 20286 | Lair:5   | Entered Level 5 of the Lair of Beasts
 20298 | Lair:4   | Reached XP level 14. HP: 73/80 MP: 28/28
 21130 | Lair:5   | Reached skill level 16 in Stealth
 21639 | Lair:5   | Received a gift from Sif Muna
 21640 | Lair:5   | Got Sif Muna's Textbook on Ceraunoscopy {god gift}
 22266 | Lair:5   | Identified the +1 rapier "Zeulos" {heavy, rElec SInv
                  | Stlth+}
 22281 | Lair:5   | Identified the staff of cold "Pept" {rF- rC+ Int+5}
 22366 | Lair:5   | Learned a level 5 spell: Silence
 22555 | D:11     | Killed Lodul
 22556 | D:11     | Reached skill level 10 in Air Magic
 22559 | D:11     | Reached skill level 1 in Ice Magic
 22984 | D:11     | Found a staircase to the Orcish Mines.
 23193 | D:11     | Learned a level 5 spell: Freezing Cloud
 23524 | D:12     | Reached skill level 10 in Short Blades
 23737 | D:12     | Found an ornate altar of the Wu Jian Council.
 24005 | Orc:1    | Entered Level 1 of the Orcish Mines
 24013 | Orc:1    | Found Udisep's Self-Improvement Boutique.
 24058 | Orc:1    | Received a gift from Sif Muna
 24059 | Orc:1    | Got Sif Muna's Incunabulum of Fascination and Weather {god
                  | gift}
 24142 | Orc:1    | Reached skill level 17 in Stealth
 24328 | Orc:2    | Entered Level 2 of the Orcish Mines
 24362 | Orc:2    | Found Gitosysm's Antique Weapon Emporium.
 24362 | Orc:2    | Noticed an orc warlord
 24560 | Orc:2    | Found Quygaj's Book Emporium.
 24775 | Orc:2    | Bought Ozocubu's Autobiography for 336 gold pieces
 24909 | Orc:2    | Reached XP level 15. HP: 84/84 MP: 29/29
 24933 | Orc:2    | Found a staircase to the Elven Halls.
 25138 | Orc:2    | Reached skill level 5 in Ice Magic
 25174 | Orc:2    | Found Qouxtoc's Antique Armour Boutique.
 25584 | Orc:2    | Found Cautya's General Store.
 25600 | Orc:2    | Bought a scroll of enchant weapon for 105 gold pieces
 25600 | Orc:2    | Bought a scroll of enchant weapon for 105 gold pieces
 25933 | Orc:1    | Bought a manual of Shields for 1120 gold pieces
 26192 | D:13     | Reached skill level 1 in Shields
 27418 | D:14     | Noticed Kirke
 27430 | D:14     | Killed Kirke
 27604 | D:14     | Found Cuafas's Antique Armour Shop.
 27770 | D:14     | Found a gate leading to a gauntlet.
 27787 | Gauntlet | Entered a Gauntlet
 27787 | Gauntlet | Found a transporter.
 27787 | Gauntlet | Found a transporter.
 27787 | Gauntlet | Found a runed translucent door.
 27788 | Gauntlet | Found a runed translucent door.
 27799 | Gauntlet | Found a transporter.
 27809 | Gauntlet | Found a transporter.
 27817 | Gauntlet | Found a transporter.
 27821 | Gauntlet | Found a transporter.
 27829 | Gauntlet | Found a transporter.
 27845 | Gauntlet | Found a transporter.
 27859 | Gauntlet | Found a transporter.
 27863 | Gauntlet | Found a transporter.
 27871 | Gauntlet | Found a transporter.
 27875 | Gauntlet | Found a transporter.
 27937 | Gauntlet | Identified the staff of cold "Gugab" {rF+ rC+}
 28050 | Gauntlet | Reached skill level 5 in Shields
 28099 | Gauntlet | Identified the +7 plate armour of Nonkeyn {Rampage rF++}
 28155 | Gauntlet | Identified the amulet "Oful" {Spirit Fragile Fly rC+
                  | Slay+5}
 28355 | D:14     | Found a gate to the Vaults.
 28602 | D:14     | Learned a level 7 spell: Ozocubu's Refrigeration
 28616 | D:15     | Entered Level 15 of the Dungeon
 29202 | D:15     | Found a staircase to the Depths.
 29215 | Depths:1 | Entered Level 1 of the Depths
 29216 | Depths:1 | Found Yriuckag's Antique Armour Shoppe.
 29276 | D:15     | Found a snail-covered altar of Cheibriados.
 29525 | Snake:1  | Entered Level 1 of the Snake Pit
 29529 | Snake:1  | Learned a level 2 spell: Sublimation of Blood
 29591 | Snake:1  | Reached skill level 10 in Ice Magic
 29831 | Snake:1  | Reached XP level 16. HP: 88/88 MP: 31/31
 30002 | Snake:1  | Reached skill level 10 in Shields
 30236 | Snake:1  | Found a shadowy altar of Dithmenos.
 30362 | Snake:1  | Found a hazy altar of Hepliaklqana.
 30604 | Snake:2  | Noticed Saint Roka
 30878 | Snake:2  | Received a gift from Sif Muna
 31785 | Snake:2  | Noticed Mlioglotl
 31785 | Snake:2  | Noticed Vashnia
 31815 | Snake:2  | Killed Mlioglotl
 32097 | Snake:2  | Killed Saint Roka
 32179 | Snake:2  | Received a gift from Sif Muna
 32180 | Snake:2  | Got Sif Muna's Grimoire of Conjuration {god gift}
 32338 | Snake:2  | Noticed Azrael
 32347 | Snake:2  | Killed Azrael
 33048 | Snake:2  | Reached XP level 17. HP: 82/93 MP: 33/33
 33112 | Snake:2  | Killed Vashnia
 34192 | Snake:3  | Received a gift from Sif Muna
 34645 | Snake:3  | HP: 3/95 [salamander tyrant/flame surge (40)]
 34646 | Snake:3  | Killed from afar by a salamander tyrant

Illustrated notes

Levels and vault maps discovered:
D:1:      psy_arrival_radial02, layout_loops_ring
D:2:      wad_pebble_path, layout_loops_ring, uniq_terence,
          uniq_crazy_yiuf_cottage
D:3:      layout_rooms, mainiacjoe_overflow_brackets, minmay_liquid_box,
          kennysheep_cross_room, uniq_jessica
D:4:      layout_basic, minmay_temple_entry_from_below_b, serial_shops, shop,
          uniq_sigmund, uniq_grinder
D:5:      layout_rooms, serial_shops, nicolae_shop_real_fake_doors, shop, shop,
          nicolae_shop_tiny_waterfront, shop
D:6:      layout_basic, gammafunk_ghost_stat_death
D:7:      minmay_spotlight, layout_loops_cross, enter_bailey_3
D:8:      layout_basic, serial_shops, nicolae_shop_tiny_waterfront, serial_ice,
          serial_ice_e, serial_ice_a, serial_ice_b, serial_ice_j,
          lightli_minifort, uniq_maggie, uniq_prince_ribbit1
D:9:      layout_loops_corners, gammafunk_temple_overflow_forgotten,
          grunt_decor_junction, uniq_psyche
D:10:     layout_small_grid, erik_lair_orcish_takeover
D:11:     layout_basic, hiddenorc1_lemuel, uniq_lodul
D:12:     layout_big_octagon, hellmonk_bongcloud_opening,
          minmay_stone_trees_small, pdpol_wu_jian_five_deadly_venoms
D:13:     layout_layer_cave, minmay_misc_feat_five
D:14:     layout_rooms, skrybe_vaults_entry_preservation,
          minmay_strange_pillars, serial_shops, nicolae_shop_overgrown_old_shop,
          gauntlet_entry_generic, uniq_kirke
D:15:     grunt_enter_depths_snipers, layout_rooms,
          hangedman_abyss_or_decor_stabs, minivault_10, cheibrodos_worm_habitat
Temple:   mainiacjoe_temple_coin_purse
Lair:1:   layout_chaotic_city, serial_bayou_pond_d
Lair:2:   layout_roguey, elwin_shoals_entry_rooms, portal_ice_cave_rime
Lair:3:   layout_loops_ring, guppyfry_snake_entry_garden,
          nicolae_volcano_entry_vermiform, beast_lair_carwin_9
Lair:4:   layout_layer_cave, slime_entry_1
Lair:5:   gammafunk_lair_ancient_temple, layout_small_grid, lemuel_fruit_fields
Snake:1:  layout_onion_interference, hangedman_feature_mirror,
          nicolae_snake_coiling_death
Snake:2:  kennysheep_snake, layout_concentric_octagons, grunt_ministairs_7,
          nicolae_large_snake_swirl, lemuel_fruit_tree, uniq_saint_roka,
          uniq_mlioglotl, uniq_azrael, uniq_vashnia
Snake:3:  cheibrodos_snake_lava_hold, layout_basic, nicolae_specific_store,
          nicolae_snake_gridmaze_swirls, serial_bayou_shore_a
Orc:1:    layout_diamond_mine, nicolae_shop_self_help
Orc:2:    grunt_orc_gardens, layout_caves, grunt_orc_garden, grunt_orc_garden,
          grunt_orc_garden, grunt_orc_garden
Depths:1: layout_gridville, hellmouth_1, kennysheep_another_room, serial_shops,
          nicolae_shop_hallway_plus, yredelemnul_altar_generic,
          kennysheep_random_hallway

Skill      XL: |  1  2  3  4  5  6  7  8  9 10 11 12 13 14 15 16 17 |
---------------+----------------------------------------------------+-----
Stealth        | 1 3 4 6 7 9 12 14 15 17 | 17.0
Fighting       | 2 3 4 5 6 |  6.9
Short Blades   | 4 5 6 8 10 | 10.0
Necromancy     | 1 2 3 5 7 8 9 |  9.0
Spellcasting   | 3 5 10 11 12 | 12.0
Dodging        | 3 6 7 |  7.0
Hexes          | 1 6 |  6.0
Conjurations   | 6 |  6.0
Earth Magic    | 3 6 |  6.0
Invocations    | 3 6 7 |  7.0
Air Magic      | 7 10 | 10.0
Ice Magic      | 4 10 13 14 | 14.5
Shields        | 9 12 | 12.8

Action                     |  1- 3 |  4- 6 |  7- 9 | 10-12 | 13-15 | 16-18 || total
---------------------------+-------+-------+-------+-------+-------+-------++-------
  Melee: Short sword       |    30 |       |       |       |       |       ||    30
         Bite              |    11 |    14 |    42 |   151 |   170 |    49 ||   437
         Punch             |     1 |     1 |     3 |    16 |    25 |       ||    46
         Dagger            |    64 |   108 |   328 |  1030 |   786 |       ||  2316
         Rapier            |       |       |       |       |   255 |   269 ||   524
  Throw: Dart              |     5 |     2 |       |    13 |     2 |       ||    22
         Throwing net      |       |     1 |       |       |       |       ||     1
   Cast: Vampiric Draining |       |       |    26 |   118 |    57 |       ||   201
         Momentum Strike   |       |       |       |     8 |       |       ||     8
         Sticky Flame      |       |       |       |    20 |    38 |       ||    58
         Agony             |       |       |       |    19 |    23 |       ||    42
         Flame Wave        |       |       |       |     2 |       |       ||     2
         Mephitic Cloud    |       |       |       |       |    56 |       ||    56
         Borgnjor's Vile C |       |       |       |       |    85 |    88 ||   173
         Freezing Cloud    |       |       |       |       |    40 |    61 ||   101
         Ozocubu's Refrige |       |       |       |       |       |     2 ||     2
 Invoke: Channel Magic     |       |       |       |     1 |     1 |       ||     2
         Forget Spell      |       |       |       |       |     3 |       ||     3
Ability: Exsanguinate      |     1 |       |       |       |       |       ||     1
         End Transformatio |       |       |       |     2 |     1 |       ||     3
         Bat Form          |       |       |       |     2 |     1 |       ||     3
  Evoke: Wand              |       |     1 |     6 |    39 |    18 |     6 ||    70
    Use: Potion            |     1 |       |       |     4 |       |     3 ||     8
         Scroll            |       |       |    20 |    12 |    14 |     3 ||    49
   Stab: Sleeping          |    12 |    10 |    17 |    54 |    65 |    37 ||   195
         Paralysed         |       |     1 |       |       |       |       ||     1
         Invisible         |       |       |     2 |       |       |       ||     2
         Distracted        |       |       |       |     1 |     5 |     1 ||     7
         Confused          |       |       |       |       |    56 |       ||    56
 Armour: Leather armour    |    13 |       |    51 |    48 |       |       ||   112
         Ring mail         |       |    34 |    28 |       |       |       ||    62
         Steam dragon scal |       |       |       |   143 |   255 |    69 ||   467
         Robe              |       |       |       |    29 |       |       ||    29
  Dodge: Dodged            |    39 |    37 |   191 |   766 |   825 |   182 ||  2040
  Block: Buckler           |       |       |       |       |    48 |    83 ||   131

Table legend: (Time is in decaauts)
 A = Elapsed time spent in this place.
 B = Non-inter-level travel time spent in this place.
 C = Inter-level travel time spent in this place.
 D = Time resting spent in this place.
 E = Time spent auto-exploring this place.
 F = Levels seen in this place.
 G = Mean time per level.
                   A        B        C        D        E       F      G
               +--------+--------+--------+--------+--------+-----+--------+
         Total |  33760 |  31846 |   1914 |   2728 |  18068 |  30 | 1125.3 |
       Dungeon |  16259 |  15090 |   1169 |    602 |   9347 |  15 | 1083.9 |
        Temple |    128 |    118 |     10 |      0 |     85 |   1 |  128.0 |
          Lair |   8375 |   7850 |    525 |    532 |   4980 |   5 | 1675.0 |
     Snake Pit |   5004 |   4864 |    140 |    703 |   2390 |   3 | 1668.0 |
  Orcish Mines |   1874 |   1805 |     69 |    291 |    789 |   2 |  937.0 |
        Depths |      9 |      9 |      0 |      0 |      0 |   1 |    9.0 |
        Bailey |    783 |    783 |      0 |    180 |    243 |   1 |  783.0 |
      Ice Cave |    875 |    875 |      0 |    350 |    143 |   1 |  875.0 |
      Gauntlet |    449 |    449 |      0 |     70 |     91 |   1 |  449.0 |
               +--------+--------+--------+--------+--------+-----+--------+

Top non-repeatable levels by time:
 Snake:2: 2640 daAuts
  Lair:4: 2224 daAuts
  Lair:5: 2006 daAuts
  Lair:3: 1894 daAuts
     D:8: 1877 daAuts
     D:6: 1434 daAuts
     D:9: 1397 daAuts
    D:13: 1367 daAuts
     D:4: 1281 daAuts
    D:11: 1208 daAuts
 Snake:3: 1189 daAuts
  Lair:1: 1186 daAuts
 Snake:1: 1174 daAuts
   Orc:2: 1146 daAuts
  Lair:2: 1064 daAuts
